 Dungeon Crawl Stone Soup version 0.30-a0-859-gf88a04b62d (webtiles) character file.

Game seed: 8602045353219061204

509 themarg the Summoner (level 7, 0/46 HPs)
             Began as a Merfolk Summoner on Mar 6, 2023.
             Slain by Edmund
             ... wielding a +1 antimagic dire flail
              (14 damage)
             ... on level 4 of the Dungeon.
             The game lasted 00:10:22 (3931 turns).

themarg the Summoner (Merfolk Summoner)             Turns: 3931, Time: 00:10:23

Health: 0/46       AC:  3    Str:  8    XL:     7   Next: 19%
Magic:  0/19       EV: 12    Int: 16    God:
Gold:   87         SH:  0    Dex: 15    Spells: 4/10 levels left

rFire   . . .      SeeInvis .    c - +0 spear
rCold   . . .      Faith    .    (no shield)
rNeg    . . .      Spirit   .    a - +0 robe
rPois   .          Reflect  .    d - +0 helmet
rElec   .          Rampage  .    (no cloak)
rCorr   .                        (no gloves)
Will    .....                    (no boots)
Stlth   ++                       (no amulet)
HPRegen 0.27/turn                i - ring of magical power
MPRegen 0.16/turn                (no ring)

@: no status effects
A: (nimble swimmer 2), mertail
a: no special abilities


You were on level 4 of the Dungeon.
You visited 1 branch of the dungeon, and saw 4 of its levels.

You collected 204 gold pieces.
You spent 117 gold pieces at shops.

Inventory:

Hand Weapons
 c - a +0 spear (weapon)
 h - a +0 dagger of draining
 o - the +6 short sword of Profit {heavy, Will+}
   (You found it on level 3 of the Dungeon)

   Will:      It increases your willpower.
Missiles
 g - 43 stones
 j - 3 boomerangs
Armour
 a - a +0 robe (worn)
 d - a +0 helmet (worn)
Jewellery
 i - a ring of magical power (left hand)
Scrolls
 e - 4 scrolls of teleportation
 f - 3 scrolls of identify
 k - a scroll of immolation
 m - a scroll of fear
 n - a scroll of torment
 p - a scroll of blinking
Potions
 b - a potion of magic
 l - a potion of attraction {unknown}
 q - a potion of cancellation {unknown}


   Skills:
 - Level 2.6 Dodging
 - Level 3.0 Stealth
 - Level 2.0 Spellcasting
 + Level 8.2 Summonings
 + Level 0.0 Air Magic


You had 4 spell levels left.
You knew the following spells:

 Your Spells              Type           Power      Damage    Failure   Level
a - Summon Small Mammal   Summ           100%       N/A       1%          1
b - Call Imp              Summ           28%        N/A       1%          2
c - Call Canine Familiar  Summ           28%        N/A       1%          3

Your spell library contained the following spells:

 Spells                   Type           Power      Damage    Failure   Level
 Summon Guardian Golem    Hex/Summ       14%        N/A       12%         3
 Cigotuvi's Dreadful Rot  Necr/Pois/Air  2%         N/A       30%         2
 Poisonous Vapours        Pois/Air       2%         N/A       30%         2
 Summon Lightning Spire   Summ/Air       14%        N/A       36%         4
 Mephitic Cloud           Conj/Pois/Air  1%         N/A       52%         3


Dungeon Overview and Level Annotations

Branches:
Dungeon (4/15)
 Temple: D:4-7

Altars:
Zin

Shops:
D:2 *   D:4 (

Annotations:
D:4 Edmund, Menkaure, Robin


Innate Abilities, Weirdness & Mutations

((You are very nimble when in or above water. (Stealth+, EV+, Speed+++)))
Your lower body shifts to a powerful aquatic tail in water.


Message History

Your white imp's magic leaks into the air.
Your white imp's magic is no longer disrupted.
Your white imp barely misses Edmund.
Edmund closely misses your white imp.
Your white imp hits Edmund but does no damage.
Edmund hits your white imp with a +1 antimagic dire flail.
Your white imp dies!
Your white imp disappears in a puff of smoke!
Your hound bites Edmund but does no damage.
Edmund hits your hound with a +1 antimagic dire flail!
Your hound barely misses Edmund.
Edmund hits your hound with a +1 antimagic dire flail.
Your hound bites Edmund. x2; Edmund barely misses your hound.
Your hound bites Edmund but does no damage.
Edmund closely misses your hound.
Your hound bites Edmund. x2
Edmund hits your hound with a +1 antimagic dire flail.
Your hound dies!
Your hound's corpse disappears in a puff of smoke!
Edmund shouts!
A beastly little devil appears in a puff of flame.
Your crimson imp blinks!
Reach: c) +0 spear
Press: ? - help, Dir - move target, f/p - Edmund
Aim: Edmund, wielding a +1 antimagic dire flail and wearing a +0 chain mail (almost dead, ally target, about 32% to evade your +0 spear)
You reach to attack!
You hit Edmund.
Edmund is almost dead.
Reach: c) +0 spear
Press: ? - help, Dir - move target, f/p - Edmund
Aim: Edmund, wielding a +1 antimagic dire flail and wearing a +0 chain mail (almost dead, ally target, about 32% to evade your +0 spear)
You hit Edmund but do no damage.
Edmund is almost dead.
Edmund hits you with a +1 antimagic dire flail!
You feel your power leaking away.
Reach: c) +0 spear
Press: ? - help, Dir - move target, f/p - Edmund
Aim: Edmund, wielding a +1 antimagic dire flail and wearing a +0 chain mail (almost dead, ally target, about 32% to evade your +0 spear)
You hit Edmund but do no damage.
Edmund is almost dead.
Edmund hits you with a +1 antimagic dire flail!
You die...

#............... ...
#....@....##...##....##.
###...##.......#........ ..
###5..#......#........ ..
#†...#..[...#........ #.
#....##................ ##
#........................ ##.
##.............5.......... ...
####........†..@@............ ...
..##...........)............. ...
...................#.............
...#...............#........#....
...........................##....
.......................##.....###
..................###..##......##
##...........)....####..........#
........#.......................#


You could see Edmund (ally target) and a friendly crimson imp (summoned).

Vanquished Creatures
  2 adders
  3 endoplasms
  3 goblins
  2 hobgoblins (D:1)
  A jackal (D:1)
  A quokka (D:2)
  2 ball pythons
  2 bats (D:1)
  2 frilled lizards (D:1)
  2 rats (D:3)
20 creatures vanquished.

Vanquished Creatures (collateral kills)
  Sigmund (D:3)
  Eustachio (D:4)
  A centaur (D:3)
  5 adders
  A worm (D:3)
  A dart slug (D:2)
  3 orcs (D:4)
  8 ball pythons
  2 endoplasms
  3 giant cockroaches
  4 hobgoblins
  A jackal (D:1)
  A quokka (D:4)
  5 bats
  4 goblins
  4 kobolds
  5 rats
50 creatures vanquished.

Grand Total: 70 creatures vanquished

Notes
Turn   | Place    | Note
-------+----------+-------------------------------------------
     0 | D:1      | themarg the Merfolk Summoner began the quest for the Orb.
     0 | D:1      | Reached XP level 1. HP: 13/13 MP: 3/3
   253 | D:1      | Reached XP level 2. HP: 19/19 MP: 1/5
   256 | D:1      | Learned a level 2 spell: Call Imp
   714 | D:1      | Reached XP level 3. HP: 24/24 MP: 2/6
  1247 | D:2      | Reached skill level 5 in Summonings
  1292 | D:2      | Learned a level 3 spell: Call Canine Familiar
  1593 | D:2      | Reached XP level 4. HP: 30/30 MP: 2/7
  1701 | D:2      | Found a faded altar of an unknown god.
  1814 | D:2      | Identified the +1 scale mail "Geepecrag" {rCorr Str+3
                  | Slay+3}
  2126 | D:2      | Found Piusiav's General Store.
  2135 | D:2      | Bought a potion of heal wounds for 65 gold pieces
  2135 | D:2      | Bought a scroll of fear for 52 gold pieces
  2309 | D:3      | Identified the +2 helmet "Icoysurph" {-Tele rPois rC+ rN+
                  | Regen+ Int+2}
  2714 | D:3      | Noticed Sigmund
  2725 | D:3      | Killed Sigmund
  2726 | D:3      | Reached skill level 7 in Summonings
  2726 | D:3      | Reached XP level 5. HP: 30/35 MP: 8/8
  2726 | D:3      | Reached XP level 6. HP: 35/41 MP: 9/9
  2765 | D:3      | Identified the +6 short sword of Profit {heavy, Will+}
  3154 | D:4      | Found Agaphyps's Antique Weapon Shoppe.
  3290 | D:4      | Noticed Eustachio
  3296 | D:4      | Noticed Menkaure
  3297 | D:4      | Noticed Edmund
  3634 | D:4      | Killed Eustachio
  3635 | D:4      | Reached skill level 8 in Summonings
  3635 | D:4      | Reached XP level 7. HP: 42/46 MP: 10/10
  3789 | D:4      | Noticed Robin
  3821 | D:4      | Found a glowing silver altar of Zin.
  3931 | D:4      | Slain by Edmund

Illustrated notes

Levels and vault maps discovered:
D:1:      scummos_arrival_simple_crosswalls, layout_loops_ring, nicolae_titane
D:2:      layout_basic, hellmonk_ecumenical_altar_blasted, serial_shops,
          nicolae_shop_advertising_works [nicolae_subvault_shop_adworks]
D:3:      layout_rooms, uniq_sigmund
D:4:      layout_cave_pools, nicolae_overflow_hidden_temple, serial_shops,
          nicolae_stop_n_shop_1, uniq_robin, uniq_menkaure, uniq_edmund,
          uniq_eustachio

Skill      XL: |  1  2  3  4  5  6 |
---------------+-------------------+-----
Stealth        | 3 |  3.0
Summonings     | 5 7 8 |  8.2
Dodging        | |  2.6
Spellcasting   | |  2.0

Action                     |  1- 3 |  4- 6 |  7- 9 || total
---------------------------+-------+-------+-------++-------
  Melee: Spear             |    48 |    61 |     9 ||   118
   Cast: Summon Small Mamm |    37 |    36 |     4 ||    77
         Call Imp          |    13 |    20 |     3 ||    36
         Call Canine Famil |       |     6 |     4 ||    10
    Use: Scroll            |       |     3 |       ||     3
         Potion            |       |     1 |       ||     1
   Stab: Distracted        |     1 |       |       ||     1
         Sleeping          |       |     1 |       ||     1
 Armour: Robe              |    10 |    15 |       ||    25
  Dodge: Dodged            |    35 |    57 |     1 ||    93

Table legend: (Time is in decaauts)
 A = Elapsed time spent in this place.
 B = Non-inter-level travel time spent in this place.
 C = Inter-level travel time spent in this place.
 D = Time resting spent in this place.
 E = Time spent auto-exploring this place.
 F = Levels seen in this place.
 G = Mean time per level.
                   A        B        C        D        E       F      G
               +--------+--------+--------+--------+--------+-----+--------+
         Total |   3945 |   3845 |    100 |    375 |   2743 |   4 |  986.2 |
       Dungeon |   3945 |   3845 |    100 |    375 |   2743 |   4 |  986.2 |
               +--------+--------+--------+--------+--------+-----+--------+

Top non-repeatable levels by time:
     D:2: 1309 daAuts
     D:3: 1132 daAuts
     D:1: 998 daAuts
     D:4: 506 daAuts
